 Dungeon Crawl Stone Soup version bcrawl-1.40.3b (webtiles) character file.

Game seed: 2336109516584618839

8654656 Galewind the Gelid (level 18, -18/108 HPs)
             Began as an Avariel Conjurer on Mar 6, 2024.
             Was the Champion of Vehumet.
             Demolished by a wolf spider (22 damage)
             ... on level 4 of the Lair of Beasts on Mar 7, 2024.
             The game lasted 01:00:30 (32742 turns).

Galewind the Gelid (Avariel Conjurer)              Turns: 32742, Time: 01:00:31

Health: -18/108    AC:  1    Str: 10    XL:     18   Next: 23%
Magic:  25/39      EV: 23    Int: 30    God:    Vehumet [******]
Gold:   661        SH:  0    Dex: 13    Spells: 5/47 levels left

rFire    . . .     GDR:     25% V - staff of cold
rCold    + + +     SeeInvis +   (no shield)
rNeg     . . .     Gourm    +   T - +2 robe {rC+}
rPois    .         Faith    .   F - +1 helmet "Ferihup" {Str+4}
rElec    .         Spirit   .   w - scarf {clouds}
rCorr    .         Reflect  .   L - +0 pair of gloves {archery}
MR       +....                  D - +1 pair of boots
Stlth    ++........             P - amulet of the gourmand
HPRegen  0.28/turn              f - ring of see invisible
MPRegen  0.26/turn              z - ring of protection from cold

@: no potions, corroded, flying quickly and evasively, deflect missiles, quick
A: able to fly
}: 1/15 runes: serpentine
a: Stop Flying, Renounce Religion, Evoke Fog


You were on level 4 of the Lair of Beasts.
You worshipped Vehumet.
Vehumet was exalted by your worship.
You were hungry.

You visited 6 branches of the dungeon, and saw 24 of its levels.
You visited 1 bazaar.
You also visited: Gauntlet and Ice Cave.

You collected 2009 gold pieces.
You spent 1348 gold pieces at shops.

Inventory:

Armour
 w - a scarf of clouds (worn)
 D - a +1 pair of boots (worn)
 F - the +1 helmet "Ferihup" (worn) {Str+4}
   (You found it on level 1 of the Lair of Beasts)

   It affects your strength (+4).
 J - a +3 leather armour of magic resistance
 L - a +0 pair of gloves of archery (worn)
 T - a +2 robe of cold resistance (worn)
Magical Staves
 K - an uncursed staff of conjuration
 V - an uncursed staff of cold (weapon)
Jewellery
 f - a ring of see invisible (left hand)
 l - a +4 ring of intelligence
 z - a ring of protection from cold (right hand)
 B - an uncursed ring of wizardry
 I - the ring "Leerit" {rN+ rCorr}
   (You found it in a Gauntlet)

   [ring of resist corrosion]

   It protects you from negative energy.
   It provides partial protection from all sources of acid and corrosion.
 P - an amulet of the gourmand (around neck)
Wands
 n - a wand of charming (12)
 o - a wand of disintegration (32)
 p - a wand of random effects (11)
 r - a wand of iceblast (10)
 A - a wand of acid (23)
 H - a wand of flame (15)
 U - a wand of digging (22)
 W - a wand of paralysis (20)
Scrolls
 d - 2 scrolls of amnesia
 g - 10 scrolls of teleportation
 i - 2 scrolls of identify
 s - 6 scrolls of immolation
 t - 5 scrolls of enchant weapon
 v - 10 scrolls of remove curse
 x - a scroll of blinking
 C - 3 scrolls of enchant armour
 E - 3 scrolls of fear
 G - 3 scrolls of noise
 Q - a scroll of fog
 S - a scroll of torment
Potions
 a - 3 potions of might
 b - 9 potions of heal wounds
 c - a potion of magic
 h - 4 potions of flight
 j - 4 potions of ambrosia
 k - 3 potions of curing
 m - 3 potions of mutation
 q - 2 potions of invisibility
 u - 3 potions of berserk rage
 y - 4 potions of lignification
 M - 3 potions of agility
 N - 3 potions of brilliance
 O - 5 potions of haste
 R - a potion of resistance
Miscellaneous
 X - a lightning rod (4/4)
Comestibles
 e - 30 rations {!d}


   Skills:
 + Level 10.9 Fighting
 + Level 13.5 Dodging
 - Level 2.1 Stealth
 - Level 15.0 Spellcasting
 - Level 16.0 Conjurations
 - Level 13.1 Charms
 - Level 4.0 Fire Magic
 - Level 17.0 Ice Magic
 - Level 4.0 Air Magic


You had 5 spell levels left.
You knew the following spells:

 Your Spells              Type           Power        Failure   Level  Hunger
a - Bolt of Cold          Conj/Ice       ########..   1%          6    None
b - Iskenderun's Battles  Conj/Chrm      #######.     1%          5    None
c - Iskenderun's Mystic   Conj           #######.     0%          3    None
d - Flame Tongue          Conj/Fire      #####        1%          1    None
e - Freezing Cloud        Ice/Air        #######.     1%          5    None
f - Magic Dart            Conj           ####         0%          1    None
g - Searing Ray           Conj           #######.     0%          2    None
h - Icicle Burst          Conj/Ice       ########..   1%          7    None
i - Ozocubu's Refrigerat  Ice            ########..   1%          6    None
j - Deflect Missiles      Chrm/Air       ######....   10%         6    ###....

Your spell library contained the following spells:

 Spells                   Type           Power        Failure   Level  Hunger
 Mana Rupture             Conj/Hex       ######....   17%         7    #####..
 Freeze                   Ice            ######       0%          1    None
 Infusion                 Chrm           #######.     0%          1    None
 Throw Frost              Conj/Ice       ######       0%          2    None
 Ozocubu's Armour         Chrm/Ice       ########     0%          3    None
 Throw Icicle             Conj/Ice       ########     0%          4    None
 Apportation              Tloc           ###...       1%          1    None
 Corona                   Hex            ###....      1%          1    None
 Sandblast                Erth           ###...       1%          1    None
 Slow                     Hex            ###.....     1%          1    None
 Summon Butterflies       Summ           ###.....     1%          1    None
 Ensorcelled Hibernation  Hex/Ice        ######       1%          2    None
 Conjure Flame            Conj/Fire      ######..     1%          3    None
 Mephitic Cloud           Conj/Pois/Air  ######..     1%          3    None
 Stone Arrow              Conj/Erth      ######       1%          3    None
 Airstrike                Air            #####.....   1%          4    None
 Fulminant Prism          Conj/Hex       ######....   1%          4    None
 Ice Form                 Ice/Tmut       #######.     1%          4    None
 Summon Ice Beast         Ice/Summ       #######.     1%          4    None
 Irradiate                Conj/Tmut      ######....   1%          5    None
 Metabolic Englaciation   Hex/Ice        #######...   1%          5    None
 Piercing Shot            Chrm           #######...   1%          5    None
 Steam Barrier            Chrm/Fire      ######....   1%          5    None
 Blink                    Tloc           N/A          3%          2    None
 Call Imp                 Summ           ###...       3%          2    None
 Passwall                 Tmut/Erth      ###.....     3%          2    None
 Spider Form              Tmut/Pois      ###          6%          3    None
 Lee's Rapid Deconstruct  Erth           ###.......   16%         5    None
 Petrify                  Tmut/Erth      ###.......   21%         4    None
 Silence                  Hex/Air        ####......   26%         5    None
 Simulacrum               Ice/Necr       #######.     10%         6    None
 Borgnjor's Vile Clutch   Necr/Erth      ###.......   97%         6    ###....
 Darkness                 Hex            ###.......   97%         6    ###....
 Infestation              Hex/Tmut/Pois  ###......    97%         6    ###....
 Shadow Creatures         Summ           N/A          100%        7    #####..
 Time Stop                Chrm/Tloc      N/A          100%        8    ######.
 Tornado                  Tloc/Air       ####......   100%        8    ######.


Dungeon Overview and Level Annotations

Branches:
Dungeon (12/12) Temple (1/1) D:6 Lair (6/6) D:7 Snake (3/3) Lair:2 Spider (1/3) Lair:4 Slime (0/5) Orc Orc (1/1) D:8 Vaults (0/3) D:10 D:11 Forest (0/3) Lair:5 Depths: D:12

Altars:
Ashenzari
Cheibriados
Dithmenos
Elyvilon
Fedhas
Gozag
Hepliaklqana
Kikubaaqudgha
Lugonu
Makhleb
Nemelex Xobeh
Okawaru
Qazlal
Ru
Sif Muna
Trog
Uskayaw
Vehumet
Wu Jian
Xom
Yredelemnul
Zin
The Shining One
Jiyva

Shops:
D:6 ==*   D:10 [   Orc :([:   Snake:1 :(:   Snake:3 }=}

Annotations:
D:3 Mehrunes's ghost, novice HOCK
D:4 1 runed translucent door
Lair:4 2 runed translucent doors, Odimp's ghost, journeyman KoWn


Innate Abilities, Weirdness & Mutations

You can fly continuously.


Message History

A rune on the stairs sparks and fizzles.
You fly upwards.
Welcome back to the Lair of Beasts!
Level annotation: 2 runed translucent doors, Odimp's ghost, journeyman KoWn
There is a hole to the Spider Nest here. (Use "xv" to examine it for information about this branch.) Unknown command.
Casting: Icicle Burst (safe; 1% risk of failure)
Confirm with . or Enter, or press ? or * to list all spells.
Aiming: Icicle Burst (safe; 1% risk of failure)
Press: ? - help, Shift-Dir - straight line, f - demonic crawler
Aim: a demonic crawler (severely wounded)
You feel a surge of power!
The burst of ice shards hits the demonic crawler!
You kill the demonic crawler!
Vehumet accepts your kill.
You feel your power returning. The wolf spider closely misses you.
The wolf spider bites you!
* * * LOW HITPOINT WARNING * * *
The wolf spider hits you!!
You die...

### # ##### ##### ###.####### ##
###..P######..P#####.#.#.#P..###.
............................[....
...##....##..≈≈≈.≈≈≈.#.P##.....##
..####.#####≈.≈≈.≈≈.≈..###...###.
..# #....###≈≈.≈.≈.≈≈...##...##.#
.>###.....##≈≈≈...≈≈≈........##..
..##......#≈....@........#...#P..
..#.#.....##≈≈≈..s≈≈≈........##..
............≈≈.≈.≈.≈≈...##.....#.
...#........≈.≈≈.≈≈.≈...##...P###
..####.P##P..≈≈≈.≈≈≈.##.##......#
...# #.P####≈.....P..#.###.......
..####.####.#....................
...........#######........)......
..(........##.##.#...............


You could see a wolf spider.

Vanquished Creatures
  Vashnia (Snake:3)
  Gastronok (D:8)
  Rupert (Lair:3)
  9 nagarajas
  An orc warlord (Orc)
  An emperor scorpion (Spider:1)
  Nessos (D:11)
  3 dire elephants (Lair:6)
  An entropy weaver (Spider:1)
  A minotaur (Gauntlet)
  Urug (Orc)
  Azrael (Snake:2)
  A fire dragon (D:10)
  Fannar (D:11)
  Harold (Lair:3)
  8 hydras
  A rakshasa (Snake:1)
  17 naga warriors
  Psyche (D:8)
  An ice dragon (Lair:5)
  2 anacondas (Snake:3)
  A great orb of eyes (D:10)
  A catoblepas (Lair:5)
  4 two-headed ogres
  A tengu warrior (D:9)
  A sea snake (Snake:3)
  2 orc high priests (Orc)
  5 shock serpents
  2 spectral dire elephants (Lair:6)
  15 naga sharpshooters
  Nergalle (Orc)
  4 centaur warriors
  A spectral death yak (Lair:6)
  A spectral anaconda (Lair:6)
  4 salamander mystics
  A skeletal warrior (D:12)
  A flayed ghost (D:9)
  10 naga ritualists
  2 unseen horrors
  An obsidian statue (Lair:6)
  4 wolf spider zombies
  3 necromancers (Lair:6)
  3 cyclopes
  5 wolf spiders
  4 orc knights
  12 naga magi
  6 mana vipers
  2 orc sorcerers (Orc)
  8 ugly things
  18 elephants (Lair:6)
  3 oklob plants (Lair:5)
  A manticore (D:9)
  8 salamanders
  5 guardian serpents (Snake:3)
  24 black mambas
  2 ice statues (IceCv)
  11 cane toads
  A cane toad (shapeshifter) (D:10)
  A jumping spider (Spider:1)
  A demonic crawler (Lair:4)
  A rime drake (Lair:6)
  5 komodo dragons
  3 flying skulls (Gauntlet)
  2 ice devils (Lair:3)
  A polar bear (Lair:6)
  3 trolls
  A spectral elephant (Lair:6)
  A hornet (D:10)
  A wolf spider simulacrum (D:11)
  4 harpy skeletons
  7 hippogriffs
  16 slime creatures
  3 blink frogs (Lair:2)
  A meliai zombie (D:11)
  13 dream sheep (Lair:6)
  A shadow (D:11)
  3 wyverns
  3 tarantellas (Spider:1)
  A wraith (D:10)
  33 yaks
  A spriggan (D:8)
  16 humans
  3 fire elementals (Snake:2)
  A vampire mosquito (D:11)
  2 hungry ghosts
  2 redbacks
  A basilisk (Lair:6)
  4 wargs
  51 nagas
  2 steam dragons
  4 spectral cane toads (Lair:6)
  A death yak simulacrum (Lair:6)
  6 water moccasins
  Edmund (D:5)
  15 crocodiles
  6 porcupines
  4 hell hounds (Snake:2)
  A soldier ant (D:11)
  26 orc warriors
  A sky beast (D:6)
  2 phantoms
  2 hornet zombies
  A necrophage (D:7)
  2 black bears
  9 ice beasts
  7 ogres
  3 elephant zombies (Lair:6)
  An elephant skeleton (Lair:6)
  8 bullfrogs
  3 kobold brigands
  A cane toad simulacrum (Lair:6)
  15 centaurs
  3 scorpions
  12 killer bees
  3 elephant simulacra (Lair:6)
  A howler monkey (D:4)
  27 orc priests
  An electric eel (Lair:4)
  A bullfrog zombie (D:6)
  8 hounds
  A quasit (D:6)
  6 crimson imps
  2 jellies
  Crazy Yiuf (D:2)
  3 bullfrog skeletons
  2 iguanas
  Natasha (thrice) (D:3)
  26 orc wizards
  8 worker ants
  2 hound zombies
  2 hound skeletons
  3 worker ant zombies
  3 gnolls (Orc)
  11 adders
  3 white imps (Lair:5)
  An ooze (D:5)
  An adder skeleton (D:5)
  3 worms
  2 dart slugs (D:2)
  4 leopard geckos
  126 orcs
  4 ball pythons
  A giant cockroach (D:3)
  5 goblins
  10 hobgoblins
  2 jackals (D:1)
  21 kobolds
  7 quokkas
  5 bats
  4 frilled lizards
  A jackal skeleton (D:6)
  7 rats
  2 fungi
  6 plants
  2 withered plants (Lair:6)
886 creatures vanquished.

Vanquished Creatures (collateral kills)
  A death yak (Gauntlet)
  A torpor snail (Gauntlet)
2 creatures vanquished.

Vanquished Creatures (others)
  10 fungi
  10 plants
  11 withered plants (Lair:6)
31 creatures vanquished.

Grand Total: 919 creatures vanquished

Notes
Turn   | Place    | Note
-------+----------+-------------------------------------------
     0 | D:1      | Galewind the Avariel Conjurer began the quest for the Orb.
     0 | D:1      | Reached XP level 1. HP: 10/10 MP: 6/6
    64 | D:1      | Reached XP level 2. HP: 15/15 MP: 0/7
   380 | D:1      | Learned a level 2 spell: Searing Ray
   591 | D:2      | Reached XP level 3. HP: 19/19 MP: 6/9
   595 | D:2      | Learned a level 3 spell: Iskenderun's Mystic Blast
   986 | D:2      | Found a snail-covered altar of Cheibriados.
  1195 | D:2      | Reached XP level 4. HP: 24/24 MP: 9/11
  1475 | D:2      | Found a runed door.
  1479 | D:2      | Noticed Crazy Yiuf
  1483 | D:2      | Killed Crazy Yiuf
  2054 | D:3      | Noticed Natasha
  2061 | D:3      | Killed Natasha
  2062 | D:3      | Reached XP level 5. HP: 28/28 MP: 6/13
  2327 | D:3      | Found a glowing golden altar of the Shining One.
  2414 | D:3      | Noticed Natasha
  2419 | D:3      | Killed Natasha
  2631 | D:3      | Noticed Natasha
  2653 | D:3      | Killed Natasha
  3320 | D:4      | Got a serpentine steel ring
  3359 | D:4      | Reached skill level 5 in Spellcasting
  3359 | D:4      | Reached XP level 6. HP: 33/33 MP: 11/15
  3457 | D:4      | Found a runed translucent door.
  3458 | D:4      | Noticed Mehrunes's ghost (novice HOCK)
  3880 | D:4      | Found a runed translucent door.
  3985 | D:4      | Found a blossoming altar of Fedhas.
  4224 | D:5      | Entered Level 5 of the Dungeon
  4224 | D:5      | Found an opulent altar of Gozag.
  4224 | D:5      | Found a hazy altar of Hepliaklqana.
  4224 | D:5      | Found a hide-covered altar of Uskayaw.
  4278 | D:5      | Reached XP level 7. HP: 37/37 MP: 13/17
  4593 | D:5      | Noticed Edmund
  4597 | D:5      | Killed Edmund
  4598 | D:5      | Reached XP level 8. HP: 42/42 MP: 5/21
  4861 | D:5      | Identified the cursed ring "Deonuj" {MR+ Stlth--} (You
                  | found it on level 4 of the Dungeon)
  4873 | D:6      | Found Vumoomi's General Store.
  4892 | D:6      | Reached skill level 10 in Conjurations
  5257 | D:6      | Found Juannaco's Jewellery Shoppe.
  5302 | D:6      | Found a staircase to the Ecumenical Temple.
  5314 | Temple   | Entered the Ecumenical Temple
  5613 | Temple   | Became a worshipper of Vehumet
  5780 | D:6      | Gained mutation: You can fly continuously. [Avariel growth]
  5780 | D:6      | Reached XP level 9. HP: 46/46 MP: 15/24
  5888 | D:6      | Found Dypobuic's Jewellery Shoppe.
  6220 | D:7      | Reached skill level 1 in Fighting
  6396 | D:7      | Reached * piety under Vehumet
  6396 | D:7      | Offered knowledge of Flame Tongue by Vehumet.
  6492 | D:7      | Reached skill level 10 in Spellcasting
  6646 | D:7      | Reached skill level 5 in Dodging
  6722 | D:7      | Found a staircase to the Lair.
  7496 | D:7      | Learned a level 1 spell: Flame Tongue
  7596 | D:8      | Got a shadowed robe
  7623 | D:8      | Offered knowledge of Throw Frost by Vehumet.
  7624 | D:8      | Reached XP level 10. HP: 51/56 MP: 19/26
  7634 | D:8      | Reached ** piety under Vehumet
  7638 | D:8      | Noticed Gastronok
  7773 | D:8      | Noticed Psyche
  7777 | D:8      | Killed Psyche
  7897 | D:8      | Noticed a two-headed ogre
  7900 | D:8      | Killed a two-headed ogre
  8021 | D:8      | Found a roughly hewn altar of Beogh.
  8021 | D:8      | Found a staircase to the Orcish Mines.
  8032 | D:8      | Offered knowledge of Stone Arrow by Vehumet.
  8133 | D:8      | Identified the ring of Thoughtfulness {+Fly Int+2}
  8198 | D:8      | Killed Gastronok
  8199 | D:8      | Reached XP level 11. HP: 38/61 MP: 4/29
  9136 | D:8      | Reached *** piety under Vehumet
  9209 | D:8      | Identified the +1 robe "Mitrazo" {*Contam Dex-4 SInv
                  | Archmagi} (You found it on level 8 of the Dungeon)
  9274 | Lair:1   | Entered Level 1 of the Lair of Beasts
  9290 | Lair:1   | Got a steaming helmet
  9525 | Lair:1   | Offered knowledge of Yara's Violent Unravelling by Vehumet.
  9537 | Lair:1   | Reached skill level 5 in Fighting
  9939 | Lair:1   | Reached skill level 10 in Dodging
 10220 | Lair:2   | Noticed a five-headed hydra
 10226 | Lair:2   | Killed a five-headed hydra
 10227 | Lair:2   | Reached XP level 12. HP: 23/68 MP: 0/30
 10264 | Lair:2   | Identified the +1 helmet "Ferihup" {Str+4} (You found it on
                  | level 1 of the Lair of Beasts)
 10348 | Lair:2   | Found a staircase to the Snake Pit.
 10376 | Lair:2   | Found a gate leading to a gauntlet.
 10385 | Gauntlet | Entered a Gauntlet
 10385 | Gauntlet | Found a transporter.
 10385 | Gauntlet | Found a transporter.
 10428 | Gauntlet | Found a transporter.
 10429 | Gauntlet | Found a transporter.
 10445 | Gauntlet | Found a transporter.
 10468 | Gauntlet | Found a transporter.
 10484 | Gauntlet | Found a transporter.
 10502 | Gauntlet | Found a transporter.
 10508 | Gauntlet | Found a transporter.
 10509 | Gauntlet | Noticed a death yak
 10550 | Gauntlet | Found a transporter.
 10624 | Gauntlet | Killed a death yak
 10835 | Gauntlet | Got a clouded iron ring
 10837 | Gauntlet | Identified the ring "Leerit" {rN+ rCorr} (You found it in a
                  | Gauntlet)
 10996 | Gauntlet | Reached XP level 13. HP: 82/82 MP: 31/31
 10999 | Gauntlet | Reached skill level 10 in Fighting
 11073 | Gauntlet | Noticed a minotaur
 11085 | Gauntlet | Killed a minotaur
 11133 | Gauntlet | Got a transparent shortbow
 12250 | Lair:3   | Noticed Rupert
 12344 | Lair:3   | Reached skill level 15 in Conjurations
 12457 | Lair:3   | Found a frozen archway.
 12463 | Lair:3   | Reached **** piety under Vehumet
 12502 | IceCv    | Entered an ice cave
 12511 | IceCv    | Offered knowledge of Airstrike by Vehumet.
 12621 | IceCv    | Found a transporter.
 12748 | IceCv    | Found a transporter.
 12795 | Lair:3   | Noticed Harold
 12804 | Lair:3   | Killed Harold
 13068 | Lair:3   | Learned a level 6 spell: Bolt of Cold
 13074 | Lair:3   | Learned a level 5 spell: Freezing Cloud
 13239 | Lair:3   | Reached skill level 1 in Air Magic
 13646 | Lair:3   | Killed Rupert
 13647 | Lair:3   | Reached skill level 3 in Ice Magic
 13789 | Lair:4   | Reached skill level 4 in Ice Magic
 13819 | Lair:4   | Found a large runed translucent door.
 13821 | Lair:4   | Found a large runed translucent door.
 13824 | Lair:4   | Noticed Odimp's ghost (journeyman KoWn)
 13832 | Lair:4   | Found a hole to the Spider Nest.
 13943 | Lair:4   | Reached skill level 5 in Ice Magic
 14824 | Lair:5   | Reached XP level 14. HP: 68/88 MP: 24/33
 14828 | Lair:4   | Reached skill level 6 in Ice Magic
 15275 | Lair:5   | Learned a level 5 spell: Iskenderun's Battlesphere
 15299 | Lair:5   | Reached skill level 7 in Ice Magic
 15512 | Lair:5   | Reached skill level 1 in Charms
 15551 | Lair:5   | Reached skill level 8 in Ice Magic
 15846 | Lair:5   | Found a staircase to the Spriggan Forest.
 16297 | Lair:6   | Entered Level 6 of the Lair of Beasts
 16334 | Lair:6   | Reached skill level 9 in Ice Magic
 16586 | Lair:6   | Reached ***** piety under Vehumet
 16687 | Lair:6   | Offered knowledge of Bolt of Draining by Vehumet.
 16727 | Lair:6   | Reached skill level 10 in Ice Magic
 16738 | Lair:6   | Reached skill level 5 in Charms
 17312 | Lair:6   | Noticed a dire elephant
 17313 | Lair:6   | Noticed a dire elephant
 17313 | Lair:6   | Noticed a dire elephant
 18016 | Lair:6   | Reached XP level 15. HP: 92/92 MP: 18/34
 18017 | Lair:6   | Offered knowledge of Conjure Ball Lightning by Vehumet.
 18141 | Lair:6   | Reached skill level 10 in Charms
 18738 | Orc      | Entered the Orcish Mines
 18991 | Orc      | Found a roughly hewn altar of Beogh.
 19000 | Orc      | Noticed Nergalle
 19003 | Orc      | Killed Nergalle
 19055 | Orc      | Noticed Urug
 19303 | Orc      | Found a flickering gateway to a bazaar.
 19308 | Orc      | Found a staircase to the Slime Pits.
 19308 | Orc      | Found a viscous altar of Jiyva.
 19538 | Orc      | Killed Urug
 19624 | Orc      | Found a roughly hewn altar of Beogh.
 19642 | Bazaar   | Entered a bazaar
 19694 | Bazaar   | Found Cupnets's Gadget Shoppe.
 19703 | Bazaar   | Found Wilunide's Antique Weapon Shoppe.
 19714 | Bazaar   | Found Ruf Huy's Antique Armour Boutique.
 19725 | Bazaar   | Found Qoej's General Store.
 19733 | Bazaar   | Bought a potion of curing for 32 gold pieces
 19733 | Bazaar   | Bought a potion of heal wounds for 65 gold pieces
 19733 | Bazaar   | Bought a potion of curing for 32 gold pieces
 19733 | Bazaar   | Bought a scroll of teleportation for 39 gold pieces
 19733 | Bazaar   | Found Nyodum Ewkin's Distillery.
 19741 | Bazaar   | Bought a potion of heal wounds for 45 gold pieces
 19741 | Bazaar   | Bought a potion of heal wounds for 45 gold pieces
 19741 | Bazaar   | Bought a potion of heal wounds for 45 gold pieces
 19741 | Bazaar   | Bought a potion of haste for 90 gold pieces
 19805 | Bazaar   | Bought a potion of brilliance for 36 gold pieces
 19805 | Bazaar   | Bought a potion of degeneration for 9 gold pieces
 19937 | Orc      | Found Loiddeos's Book Shoppe.
 20101 | Orc      | Offered knowledge of Icicle Burst by Vehumet.
 20102 | Orc      | Noticed an orc warlord
 20106 | Orc      | Killed an orc warlord
 20142 | Orc      | Found Butoavvi's Antique Weapon Emporium.
 20145 | Orc      | Found a roughly hewn altar of Beogh.
 20148 | Orc      | Found Heint's Antique Armour Shoppe.
 20224 | Orc      | Found a roughly hewn altar of Beogh.
 20230 | Orc      | Found Gupoinoch's Book Boutique.
 20300 | Orc      | Found a roughly hewn altar of Beogh.
 20351 | Orc      | Found a roughly hewn altar of Beogh.
 20488 | D:8      | Learned a level 7 spell: Icicle Burst
 21827 | D:10     | Entered Level 10 of the Dungeon
 21922 | D:10     | Reached skill level 11 in Ice Magic
 22220 | D:10     | Found Emnahu's Armour Shop.
 23106 | D:10     | Reached skill level 12 in Ice Magic
 23399 | D:11     | Found a gate to the Vaults.
 23399 | D:11     | Noticed Nessos
 23401 | D:11     | Killed Nessos
 23402 | D:11     | Reached XP level 16. HP: 97/97 MP: 20/35
 23407 | D:10     | Offered knowledge of Venom Bolt by Vehumet.
 23800 | D:11     | Reached skill level 13 in Ice Magic
 23932 | D:11     | Noticed Fannar
 23938 | D:11     | Killed Fannar
 24817 | D:11     | Reached skill level 14 in Ice Magic
 25121 | D:12     | Entered Level 12 of the Dungeon
 25421 | Orc      | Learned a level 6 spell: Ozocubu's Refrigeration
 25909 | Orc      | Bought a book of the Sky for 910 gold pieces
 25916 | Orc      | Learned a level 6 spell: Deflect Missiles
 26259 | Snake:1  | Entered Level 1 of the Snake Pit
 26324 | Snake:1  | Got a steaming ring mail
 26886 | Snake:1  | Found Qiypt's Antique Weapon Boutique.
 26890 | Snake:1  | Found Viduck's Book Shop.
 26984 | Snake:1  | Found a hide-covered altar of Uskayaw.
 27178 | Snake:1  | Found Zolinkok's Book Boutique.
 27745 | Snake:1  | Offered knowledge of Orb of Destruction by Vehumet.
 27746 | Snake:1  | Reached skill level 15 in Spellcasting
 28005 | Snake:1  | Identified the cursed +1 ring mail "Ytrall" {rF+ Slay+3
                  | SInv} (You found it on level 1 of the Snake Pit)
 28335 | Snake:2  | Noticed a nagaraja
 28438 | Snake:2  | Killed a nagaraja
 28856 | Snake:2  | Noticed Azrael
 28859 | Snake:2  | Killed Azrael
 28860 | Snake:2  | Reached skill level 15 in Ice Magic
 28860 | Snake:2  | Reached XP level 17. HP: 102/102 MP: 22/38
 29382 | Snake:3  | Entered Level 3 of the Snake Pit
 29504 | Snake:3  | Reached ****** piety under Vehumet
 29706 | Snake:3  | Found Rimoseno's Gadget Boutique.
 29706 | Snake:3  | Found Uptessic's Jewellery Shoppe.
 29707 | Snake:3  | Found Gewnoz's Gadget Boutique.
 29943 | Snake:3  | Offered knowledge of Poison Arrow by Vehumet.
 30064 | Snake:3  | Reached skill level 16 in Ice Magic
 30802 | Snake:3  | Reached skill level 17 in Ice Magic
 31404 | Snake:3  | Noticed Vashnia
 31469 | Snake:3  | Killed Vashnia
 31575 | Snake:3  | Offered knowledge of Mana Rupture by Vehumet.
 31576 | Snake:3  | Reached XP level 18. HP: 108/108 MP: 36/39
 31674 | Snake:3  | Got a serpentine rune of Zot
 32124 | Snake:3  | Identified the +5 ring mail "Beph" {Regen+ MP+9 Dex-2 SInv}
 32723 | Spider:1 | Entered Level 1 of the Spider Nest
 32742 | Lair:4   | HP: 4/108 [wolf spider (14)]
 32742 | Lair:4   | Demolished by a wolf spider

Skill      XL: |  1  2  3  4  5  6  7  8  9 10 11 12 13 14 15 16 17 18 |
---------------+-------------------------------------------------------+-----
Conjurations   | 6 7 8 9 11 12 14 15 16 | 16.0
Spellcasting   | 3 4 5 7 9 10 12 13 15 | 15.0
Dodging        | 3 6 8 10 11 12 13 | 13.5
Fighting       | 3 4 5 9 10 | 10.9
Fire Magic     | 4 |  4.0
Air Magic      | 1 2 4 |  4.0
Ice Magic      | 5 10 12 15 17 | 17.0
Charms         | 9 13 | 13.1
Stealth        | |  2.1

Action                   |  1- 3 |  4- 6 |  7- 9 | 10-12 | 13-15 | 16-18 || total
-------------------------+-------+-------+-------+-------+-------+-------++-------
Melee: Quarterstaff      |       |     2 |    12 |     2 |     2 |       ||    18
       Staff             |       |       |       |       |    13 |     2 ||    15
 Cast: Magic Dart        |    68 |    60 |       |       |    14 |     3 ||   145
       Searing Ray       |       |     7 |     4 |     1 |       |       ||    12
       Iskenderun's Myst |       |    16 |    97 |   128 |   539 |   331 ||  1111
       Bolt of Cold      |       |       |       |       |    75 |   107 ||   182
       Iskenderun's Batt |       |       |       |       |    67 |    26 ||    93
       Freezing Cloud    |       |       |       |       |     5 |    22 ||    27
       Icicle Burst      |       |       |       |       |     5 |    29 ||    34
       Ozocubu's Refrige |       |       |       |       |       |    12 ||    12
       Deflect Missiles  |       |       |       |       |       |     1 ||     1
Evoke: Wand              |       |       |     2 |     1 |     3 |       ||     6
  Use: Scroll            |       |     5 |     7 |     9 |    19 |     1 ||    41
       Potion            |       |       |       |     4 |     7 |     1 ||    12
 Stab: Sleeping          |       |     1 |       |       |       |       ||     1
  Eat: Chunk             |     2 |     9 |    12 |     9 |    39 |    19 ||    90
       Ration            |       |       |     1 |     1 |     3 |     5 ||    10
Armor: Robe              |       |     6 |     5 |     6 |       |    10 ||    27
       Leather armour    |       |       |       |       |    78 |    27 ||   105
Dodge: Dodged            |     7 |    15 |    49 |    35 |   280 |   174 ||   560
       Deflected         |       |       |       |       |       |    51 ||    51
